 Dungeon Crawl Stone Soup version 0.30.0-10-gfe55d96785 (webtiles) character file.

Game seed: 7541823550701274107

58 qw the Chopper (level 4, -2/28 HPs)
             Began as a Gargoyle Cinder Acolyte on May 17, 2023.
             Was a High Priest of Ignis.
             Slain by Sigmund
             ... wielding a +1 scythe of venom
              (6 damage)
             ... on level 3 of the Dungeon.
             The game lasted 00:01:22 (1755 turns).

qw the Chopper (Gargoyle Cinder Acolyte)            Turns: 1755, Time: 00:01:22

Health: -2/28      AC: 20    Str: 20    XL:     4   Next: 1%
Magic:  5/5        EV: 10    Int: 14    God:    Ignis [*****.]
Gold:   117        SH:  0    Dex:  5    Spells: 5/5 levels left

rFire   + . .        a - +2 broad axe (flame)
rCold   . . .        (no shield)
rNeg    + . .        b - +0 ring mail
rPois   inf          m - +2 helmet
rElec   +            (no cloak)
rCorr   .            (no gloves)
SInv    .            d - +1 pair of boots
Will    .....        (no amulet) Stlth
                     (no ring)
HPRegen 0.24/turn    (no ring)
MPRegen 0.09/turn

%: no passive effects
@: fiery-armoured
A: sickness immunity, AC +3, negative energy resistance 1, electricity
resistance, torment resistance 1, petrification resistance
a: Renounce Religion, Fiery Armour, Foxfire Swarm, Rising Flame


You were on level 3 of the Dungeon.
You worshipped Ignis.
Ignis was extremely pleased with you.
You visited 1 branch of the dungeon, and saw 3 of its levels.

You collected 117 gold pieces.


Innate Abilities, Weirdness & Mutations

You are immune to sickness and miasma.
Your stone body is resilient. (AC +3)
You are immune to poison.
You resist negative energy. (rN+)
You are resistant to electric shocks. (rElec)
You are resistant to unholy torment.
You are immune to petrification.


   Skills:
 - Level 3.2 Fighting
 + Level 4.1 Axes
 - Level 1.2 Armour
 - Level 1.0 Spellcasting
 - Level 3.0 Fire Magic


You had 5 spell levels left.
You didn't know any spells.
Your spell library contained the following spells:

 Spells                   Type           Power      Damage    Failure   Level
 Scorch                   Fire           18%        2d5       19%         2

Inventory:

Hand Weapons
 a - a +2 broad axe of flaming (weapon)
Armour
 b - a +0 ring mail (worn)
 d - a +1 pair of boots (worn)
 m - a +2 helmet (worn)
Scrolls
 j - 3 scrolls of identify
 k - a scroll of teleportation
Potions
 c - a potion of curing
 e - a potion of cancellation
 f - a potion of flight {unknown}
 l - a potion of heal wounds
 n - a potion of haste
 o - a potion of resistance

Dungeon Overview and Level Annotations

Branches:
Dungeon (3/15)

Altars:

Shops:
D:1 ?

Annotations:
D:3 Sigmund


Message History

Lua error: [string "/dgldir/rcfiles/crawl-bot-0.30/qwlua.rc"]:3678: Error in coroutine: [string "/dgldir/rcfiles/crawl-bot-0.30/qwlua.rc"]:3447: attempt to index local 'pos' (a nil value) Level annotation: Sigmund Welcome back, qw the Gargoyle Cinder Acolyte.
The flames of Ignis gently warm you.
Press ? for a list of commands and other information.
Options error: Missing colour in message_colour setting: 'then' x2
Enter note:
Enter note:
Enter note:
Enter note:
Enter note:
Enter note:
Enter note:
Enter note:
1748 ||| PLANNING D:1-11
Enter note:
Enter note:
There is a strange disturbance nearby!
1749 ||| Stepping randomly (disturbance).
1750 ||| Stepping randomly (disturbance).
1751 ||| Stepping randomly (disturbance).
Something hits you but does no damage.
Deactivating autopickup; reactivate with Ctrl-A.
Autopickup is now on.
Lua error: [string "/dgldir/rcfiles/crawl-bot-0.30/qwlua.rc"]:3701: Cannot currently process new keys (there is pending input)
You start resting.
Something hits you.
Deactivating autopickup; reactivate with Ctrl-A.
Autopickup is now on.
Lua error: [string "/dgldir/rcfiles/crawl-bot-0.30/qwlua.rc"]:3701: Cannot currently process new keys (there is pending input)
You start resting.
There is a strange disturbance nearby!
1754 ||| Stepping randomly (disturbance).
Something hits you but does no damage.
Deactivating autopickup; reactivate with Ctrl-A.
Autopickup is now on.
Lua error: [string "/dgldir/rcfiles/crawl-bot-0.30/qwlua.rc"]:3701: Cannot currently process new keys (there is pending input)
There is a strange disturbance nearby!
Something hits you.
You die...

#...# # ........ # #...#
.. .....##.
##.###...###.## #....##.
........................
................#....##.
....S......@... #... #.
#{# .#..#.. #.
##..####.###....... ##
#.......@........#
#...####.####.####
#...####.#
.#........####.#
...............#
.........#####.#
....####.# ##.# .#. #.#
#..# #..####.# #.# #..#


There were no monsters in sight!

Vanquished Creatures
  2 adders
  A dart slug (D:2)
  4 ball pythons
  8 bats
  An endoplasm (D:1)
  2 giant cockroaches (D:1)
  A goblin (D:3)
  2 hobgoblins (D:1)
  3 quokkas
  6 frilled lizards
  2 kobolds (D:1)
  5 rats
37 creatures vanquished.

Notes
Turn   | Place    | Note
-------+----------+-------------------------------------------
     0 | D:1      | qw the Gargoyle Cinder Acolyte began the quest for the Orb.
     0 | D:1      | Reached XP level 1. HP: 14/14 MP: 2/2
     0 | D:1      | 0 ||| qw: Version: 0.2-a-95-g4c1bab1
     0 | D:1      | 0 ||| qw: Game counter: 102
     0 | D:1      | 0 ||| qw: Always use a shield: true
     0 | D:1      | 0 ||| qw: God list: Okawaru
     0 | D:1      | 0 ||| qw: Allow faded altars: false
     0 | D:1      | 0 ||| qw: Do Orc after D:15 true
     0 | D:1      | 0 ||| qw: Do second Lair branch before Depths: true
     0 | D:1      | 0 ||| qw: Lair rune preference: random
     0 | D:1      | 0 ||| qw: Plans: Normal
     0 | D:1      | 0 ||| PLANNING D:1-11
   109 | D:1      | Found Faevyett's Magic Scroll Boutique.
   138 | D:1      | 138 ||| SHOPLISTING scroll of identify (28 gold, have 10).
   138 | D:1      | 138 ||| SHOPLISTING scroll of teleportation (42 gold, have
                  | 10).
   172 | D:1      | 172 ||| Stepping ~*~*~tactically~*~*~ (stealth).
   177 | D:1      | Reached skill level 3 in Axes
   280 | D:1      | Reached XP level 2. HP: 19/19 MP: 3/3
   282 | D:1      | 282 ||| Stepping ~*~*~tactically~*~*~ (hiding).
   297 | D:1      | 297 ||| Stepping ~*~*~tactically~*~*~ (stealth).
   335 | D:1      | 335 ||| Stepping ~*~*~tactically~*~*~ (stealth).
   792 | D:1      | 792 ||| UPGRADING to +0 pair of boots.
   797 | D:1      | 797 ||| UPGRADING to +0 leather armour.
   807 | D:1      | 807 ||| DROPPING +0 robe.
   808 | D:1      | 808 ||| READING scroll labelled OTEDIETYDA.
   809 | D:1      | 809 ||| READING scroll labelled PINWEE AKHLATZO.
   812 | D:1      | 812 ||| READING scroll labelled FUGEL DEB ZUONN.
   813 | D:1      | 813 ||| READING scroll labelled KIUPUCWIONNE.
   814 | D:1      | 814 ||| READING 4 scrolls labelled HOLETU CITOZES.
   815 | D:1      | 815 ||| DRINKING 2 black potions.
   816 | D:1      | 816 ||| READING 3 scrolls of identify.
   816 | D:1      | 816 ||| IDENTIFYING cyan potion
   817 | D:1      | 817 ||| READING 2 scrolls of identify.
   817 | D:1      | 817 ||| IDENTIFYING emerald potion
   818 | D:1      | 818 ||| DROPPING potion of invisibility.
   879 | D:2      | Reached XP level 3. HP: 22/23 MP: 4/4
   894 | D:2      | 894 ||| READING scroll of enchant armour.
   894 | D:2      | 894 ||| ENCHANTING +0 pair of boots.
   946 | D:2      | Reached skill level 4 in Axes
   990 | D:2      | 990 ||| Stepping ~*~*~tactically~*~*~ (hiding).
   991 | D:2      | 991 ||| Stepping ~*~*~tactically~*~*~ (hiding).
   993 | D:2      | 993 ||| Stepping ~*~*~tactically~*~*~ (hiding).
  1501 | D:2      | 1501 ||| UPGRADING to +0 ring mail.
  1511 | D:2      | 1511 ||| DROPPING +0 leather armour.
  1512 | D:2      | 1512 ||| UPGRADING to +2 hat.
  1517 | D:2      | 1517 ||| UPGRADING to +2 helmet.
  1527 | D:2      | 1527 ||| DROPPING +2 hat.
  1528 | D:2      | 1528 ||| READING scroll labelled IHUXESAYTA.
  1529 | D:2      | 1529 ||| READING scroll labelled FESKEE WURE.
  1546 | D:2      | 1546 ||| READING scroll labelled UNOITA NUDOLA.
  1546 | D:2      | Identified a scroll of acquirement
  1546 | D:2      | 1546 ||| ACQUIRING +2 broad axe of flaming
  1546 | D:2      | Acquired a +2 broad axe of flaming
  1548 | D:2      | 1548 ||| SWAPPING to +2 broad axe of flaming.
  1549 | D:2      | 1549 ||| DROPPING +0 hand axe of flaming.
  1550 | D:2      | 1550 ||| READING 5 scrolls of identify.
  1550 | D:2      | 1550 ||| IDENTIFYING ruby potion
  1551 | D:2      | 1551 ||| READING 4 scrolls of identify.
  1551 | D:2      | 1551 ||| IDENTIFYING amethyst potion
  1552 | D:2      | 1552 ||| READING 3 scrolls of identify.
  1552 | D:2      | 1552 ||| IDENTIFYING fizzy black potion
  1730 | D:3      | Noticed Sigmund
  1731 | D:3      | 1731 ||| Stepping ~*~*~tactically~*~*~ (hiding).
  1732 | D:3      | 1732 ||| Stepping ~*~*~tactically~*~*~ (hiding).
  1734 | D:3      | 1734 ||| Stepping ~*~*~tactically~*~*~ (hiding).
  1737 | D:3      | 1737 ||| Stepping ~*~*~tactically~*~*~ (hiding).
  1746 | D:3      | 1746 ||| INVOKING Fiery Armour.
  1748 | D:3      | Reached skill level 1 in Armour
  1748 | D:3      | Reached XP level 4. HP: 9/28 MP: 5/5
  1748 | D:3      | 1748 ||| PLANNING D:1-11
  1749 | D:3      | 1749 ||| Stepping randomly (disturbance).
  1750 | D:3      | 1750 ||| Stepping randomly (disturbance).
  1751 | D:3      | 1751 ||| Stepping randomly (disturbance).
  1752 | D:3      | HP: 4/28 [something (6)]
  1754 | D:3      | 1754 ||| Stepping randomly (disturbance).
  1755 | D:3      | Slain by Sigmund

Levels and vault maps discovered:
D:1:      matt_arrival_los_fun, layout_basic, serial_shops, shop
D:2:      layout_basic, dreamdust_princess_corridor
D:3:      layout_basic, ebering_ghost_reflecting_pool,
          pf_guarded_unrand_delatra, uniq_sigmund

Skill      XL: |  1  2  3 |
---------------+----------+-----
Axes           | 3 4 |  4.1
Armour         | 1 |  1.2
Fighting       | |  3.2
Spellcasting   | |  1.0
Fire Magic     | |  3.0

Action                     |  1- 3 |  4- 6 || total
---------------------------+-------+-------++-------
  Melee: Hand axe          |    91 |       ||    91
         Broad axe         |    11 |       ||    11
 Invoke: Fiery Armour      |     1 |       ||     1
    Use: Scroll            |    14 |       ||    14
         Potion            |     1 |       ||     1
 Armour: Robe              |    15 |       ||    15
         Leather armour    |     6 |       ||     6
         Ring mail         |    10 |     2 ||    12
  Dodge: Dodged            |    62 |       ||    62

Table legend:
 A = Non-vault XP
 B = Vault XP
 C = Vault XP percentage of total XP
 D = Non-vault monster count
 E = Vault monster count
 F = Vault count percentage of total count
                 A         B        C        D         E       F
            +---------+---------+-------+---------+---------+-------
      Total |      83 |       0 |   0.0 |      37 |       0 |   0.0
            +---------+---------+-------+---------+---------+-------
        D:1 |      31 |       0 |   0.0 |      19 |       0 |   0.0
        D:2 |      34 |       0 |   0.0 |      14 |       0 |   0.0
        D:3 |      18 |       0 |   0.0 |       4 |       0 |   0.0
            +---------+---------+-------+---------+---------+-------
